NYP
LOS ANGELES (NYP) DODGERS @ WEST VIRGINIA BLACK BEARS
09/06/2046
 
TOP OF THE 1ST
Los Angeles (NYP) Dodgers batting - Pitching for West Virginia Black Bears : RHP Tony Ortiz
Pitching: RHP Tony Ortiz
Batting: RHB Roberto Monzon 0-0: SINGLE (Groundball, 4MD, EV 108.8 MPH)
Batting: RHB Mike Plugge 0-0: Ball
Roberto Monzon is caught stealing 2nd base 2-4
1-0: Foul Ball, location: 2F
1-1: Swinging Strike
1-2: Strikes out swinging
Batting: SHB Nate Kopchak 0-0: Foul Ball, location: 2F
0-1: Called Strike
0-2: Ball
1-2: Ball
2-2: Ball
3-2: Strikes out swinging
Top of the 1st over - 0 runs, 1 hit, 0 errors, 0 left on base; Los Angeles (NYP) 0 - West Virginia 0
BOTTOM OF THE 1ST
West Virginia Black Bears batting - Pitching for Los Angeles (NYP) Dodgers : RHP Alexis Priego
Pitching: RHP Alexis Priego
Batting: RHB Perry Dominey 0-0: Swinging Strike
0-1: Ground out 5-3 (Groundball, 15, EV 91.9 MPH)
Batting: LHB Gregg Kellerman 0-0: Ball
1-0: Called Strike
1-1: Swinging Strike
1-2: Hit by Pitch
Batting: RHB Brandon White 0-0: Called Strike
0-1: Ball
1-1: Swinging Strike
1-2: Ball
2-2: Strikes out looking
Batting: LHB Josh Aerni 0-0: Ball
1-0: Ball
2-0: Called Strike
2-1: SINGLE (Groundball, 4MD, EV 103.1 MPH)
Gregg Kellerman to second
Batting: LHB Joe Wise 0-0: Fly out, F8 (Flyball, 8LD, EV 101.9 MPH)
Bottom of the 1st over - 0 runs, 1 hit, 0 errors, 2 left on base; Los Angeles (NYP) 0 - West Virginia 0
TOP OF THE 2ND
Los Angeles (NYP) Dodgers batting - Pitching for West Virginia Black Bears : RHP Tony Ortiz
Batting: RHB Roberto Lemus 0-0: Ball
1-0: Fly out, F9 (Line Drive, 9, EV 92.5 MPH)
Batting: RHB Justin Anastasio 0-0: Called Strike
0-1: Swinging Strike
0-2: Strikes out looking
Batting: RHB Dave Cordero 0-0: Ball
1-0: Ball
2-0: Ball
3-0: Called Strike
3-1: Fly out, F9 (Flyball, 89M, EV 84.4 MPH)
Top of the 2nd over - 0 runs, 0 hits, 0 errors, 0 left on base; Los Angeles (NYP) 0 - West Virginia 0
BOTTOM OF THE 2ND
West Virginia Black Bears batting - Pitching for Los Angeles (NYP) Dodgers : RHP Alexis Priego
Batting: RHB Dave Fredericks 0-0: Hit by Pitch
Batting: RHB Rick Pittman 0-0: Grounds into double play, 6-4-3 (Groundball, 6M, EV 90.0 MPH)
Batting: RHB Alex Arzate 0-0: Ball
1-0: Foul Ball, location: 2F
1-1: Fly out, F8 (Flyball, 78S, EV 93.8 MPH)
Bottom of the 2nd over - 0 runs, 0 hits, 0 errors, 0 left on base; Los Angeles (NYP) 0 - West Virginia 0
TOP OF THE 3RD
Los Angeles (NYP) Dodgers batting - Pitching for West Virginia Black Bears : RHP Tony Ortiz
Batting: RHB Trevor Conklin 0-0: Called Strike
0-1: Ball
1-1: SINGLE (Flyball, 5D, EV 95.6 MPH)
Batting: RHB Brad Brady 0-0: Ball
1-0: Foul Ball, location: 2F
1-1: Swinging Strike
1-2: Strikes out swinging
Batting: LHB Jose Mojica 0-0: Called Strike
0-1: Ball
1-1: Fielders Choice at 2nd, 1-4 (Groundball, 15, EV 69.4 MPH)
Batting: RHB Roberto Monzon 0-0: Ball
1-0: Called Strike
1-1: Ball
2-1: Foul Ball, location: 2F
Balk!
Jose Mojica to second
2-2: Foul Ball, location: 2F
2-2: Foul Ball, location: 2F
2-2: Foul Ball, location: 2F
2-2: Ball
3-2: Ground out 6-3 (Groundball, 6, EV 83.1 MPH)
Top of the 3rd over - 0 runs, 1 hit, 0 errors, 1 left on base; Los Angeles (NYP) 0 - West Virginia 0
BOTTOM OF THE 3RD
West Virginia Black Bears batting - Pitching for Los Angeles (NYP) Dodgers : RHP Alexis Priego
Batting: RHB Chris Arroyo 0-0: Swinging Strike
0-1: Fly out, F9 (Flyball, 9D, EV 86.2 MPH)
Batting: RHB Perry Dominey 0-0: Ball
1-0: DOUBLE (Line Drive, 8LXD, EV 108.1 MPH)
Batting: LHB Gregg Kellerman 0-0: Ball
1-0: Foul Ball, location: 2F
1-1: Ball
2-1: Swinging Strike
2-2: Ball
3-2: Fly out, F9 (Flyball, 89D, EV 101.2 MPH)
Runner from 2nd tags up, SAFE at 3rd, no throw by RF
Batting: RHB Brandon White 0-0: Ball
1-0: Ball
2-0: DOUBLE (Groundball, 5L, EV 103.8 MPH)
Perry Dominey scores
Batting: LHB Josh Aerni 0-0: Called Strike
0-1: Ball
1-1: Foul Ball, location: 2F
1-2: Ball
2-2: Fly out, F7 (Flyball, 7, EV 80.0 MPH)
Bottom of the 3rd over - 1 run, 2 hits, 0 errors, 1 left on base; Los Angeles (NYP) 0 - West Virginia 1
TOP OF THE 4TH
Los Angeles (NYP) Dodgers batting - Pitching for West Virginia Black Bears : RHP Tony Ortiz
Batting: RHB Mike Plugge 0-0: Ball
1-0: Called Strike
1-1: Hit by Pitch
Pinch Runner at 1st Nestor Ramirez:
Batting: SHB Nate Kopchak 0-0: Called Strike
0-1: Ball
1-1: Swinging Strike
Passed Ball!
Nestor Ramirez to second
1-2: Ball
2-2: Foul Ball, location: 2F
2-2: Ball
3-2: Ground out 4-3 (Groundball, 4, EV 86.2 MPH)
Nestor Ramirez to third
Batting: RHB Roberto Lemus 0-0: Called Strike
0-1: Fly out, F7 (Flyball, 78S, EV 93.8 MPH)
Batting: RHB Justin Anastasio 0-0: Ball
1-0: Ball
2-0: Swinging Strike
2-1: Ground out 6-3 (Groundball, 6, EV 84.4 MPH)
Top of the 4th over - 0 runs, 0 hits, 0 errors, 1 left on base; Los Angeles (NYP) 0 - West Virginia 1
BOTTOM OF THE 4TH
West Virginia Black Bears batting - Pitching for Los Angeles (NYP) Dodgers : RHP Alexis Priego
Batting: LHB Joe Wise 0-0: Swinging Strike
0-1: Foul Ball, location: 2F
0-2: Foul Ball, location: 2F
0-2: Ball
1-2: Ball
2-2: Foul Ball, location: 2F
2-2: Strikes out swinging
Batting: RHB Dave Fredericks 0-0: Fly out, F8 (Flyball, 8RS, EV 91.2 MPH)
Now in CF: Ruben Serrata
Batting: RHB Rick Pittman 0-0: Ball
1-0: Ground out 6-3 (Groundball, 6M, EV 100.6 MPH)
Bottom of the 4th over - 0 runs, 0 hits, 0 errors, 0 left on base; Los Angeles (NYP) 0 - West Virginia 1
TOP OF THE 5TH
Los Angeles (NYP) Dodgers batting - Pitching for West Virginia Black Bears : RHP Tony Ortiz
Batting: RHB Dave Cordero 0-0: Ball
1-0: Ground out 6-3 (Groundball, 6M, EV 97.5 MPH)
Batting: RHB Trevor Conklin 0-0: Called Strike
0-1: Ball
1-1: Ball
2-1: Foul Ball, location: 2F
2-2: Foul Ball, location: 2F
2-2: Strikes out looking
Batting: RHB Brad Brady 0-0: Ball
1-0: Ball
2-0: Foul Ball, location: 2F
2-1: Ball
3-1: Ground out 5-3 (Groundball, 5L, EV 91.2 MPH)
Top of the 5th over - 0 runs, 0 hits, 0 errors, 0 left on base; Los Angeles (NYP) 0 - West Virginia 1
BOTTOM OF THE 5TH
West Virginia Black Bears batting - Pitching for Los Angeles (NYP) Dodgers : RHP Alexis Priego
Batting: RHB Alex Arzate 0-0: Called Strike
0-1: Called Strike
0-2: Ball
1-2: Ball
2-2: Strikes out looking
Batting: RHB Chris Arroyo 0-0: Called Strike
0-1: Ball
1-1: Fly out, F9 (Flyball, 9, EV 81.2 MPH)
Batting: RHB Perry Dominey 0-0: Ball
1-0: Ball
2-0: Swinging Strike
2-1: DOUBLE (Line Drive, 9LM, EV 108.8 MPH)
Batting: LHB Gregg Kellerman 0-0: DOUBLE (Flyball, 78D, EV 96.2 MPH)
Perry Dominey scores
Batting: RHB Brandon White 0-0: SINGLE (Groundball, 4D, EV 95.6 MPH)
Gregg Kellerman to third
Runner from 3rd tries for Home, SAFE, throw by CF to home
Batting: LHB Josh Aerni 0-0: Called Strike
0-1: Ball
1-1: Foul Ball, location: 2F
1-2: Foul Ball, location: 2F
1-2: Hit by Pitch
Brandon White to second
Batting: LHB Joe Wise 0-0: Ball
1-0: Foul Ball, location: 2F
1-1: Ball
2-1: Fly out, F8 (Flyball, 8RD, EV 96.9 MPH)
Bottom of the 5th over - 2 runs, 3 hits, 0 errors, 2 left on base; Los Angeles (NYP) 0 - West Virginia 3
TOP OF THE 6TH
Los Angeles (NYP) Dodgers batting - Pitching for West Virginia Black Bears : RHP Tony Ortiz
Batting: LHB Jose Mojica 0-0: Ball
1-0: Ball
2-0: Called Strike
2-1: Foul Ball, location: 2F
2-2: Strikes out swinging
Batting: RHB Roberto Monzon 0-0: Ball
1-0: Swinging Strike
1-1: SINGLE (Groundball, 5S, EV 74.4 MPH) (infield hit)
Batting: SHB Nestor Ramirez 0-0: Ball
Roberto Monzon steals 2nd base
1-0: Called Strike
1-1: Foul Ball, location: 2F
1-2: Ball
2-2: Ball
3-2: Strikes out swinging
Batting: RHB Ruben Serrata 0-0: Foul Ball, location: 2F
0-1: Foul Ball, location: 2F
0-2: Ball
1-2: Strikes out swinging
Top of the 6th over - 0 runs, 1 hit, 0 errors, 1 left on base; Los Angeles (NYP) 0 - West Virginia 3
BOTTOM OF THE 6TH
West Virginia Black Bears batting - Pitching for Los Angeles (NYP) Dodgers : RHP Alexis Priego
Batting: RHB Dave Fredericks 0-0: Ground out 6-3 (Groundball, 6, EV 82.5 MPH)
Batting: RHB Rick Pittman 0-0: Ball
1-0: Foul Ball, location: 2F
1-1: SINGLE (Flyball, 89S, EV 96.9 MPH)
Batting: RHB Alex Arzate 0-0: Ball
1-0: Ground out 4-3 (Groundball, 34S, EV 88.8 MPH)
Rick Pittman to second
Batting: RHB Chris Arroyo 0-0: Ball
1-0: Ball
2-0: Swinging Strike
2-1: Called Strike
2-2: Strikes out swinging
Bottom of the 6th over - 0 runs, 1 hit, 0 errors, 1 left on base; Los Angeles (NYP) 0 - West Virginia 3
TOP OF THE 7TH
Los Angeles (NYP) Dodgers batting - Pitching for West Virginia Black Bears : RHP Tony Ortiz
Pitching: RHP Frank Morris
Batting: RHB Roberto Lemus 0-0: Swinging Strike
0-1: Swinging Strike
0-2: Ball
1-2: Ball
2-2: Strikes out looking
Batting: RHB Justin Anastasio 0-0: Ball
1-0: Ground out 6-3 (Groundball, 6, EV 88.8 MPH)
Batting: RHB Dave Cordero 0-0: Ball
1-0: Ball
2-0: Foul Ball, location: 2F
2-1: SINGLE (Groundball, 4S, EV 69.4 MPH) (infield hit)
Batting: RHB Trevor Conklin 0-0: Foul Ball, location: 2F
0-1: Called Strike
0-2: Strikes out swinging
Top of the 7th over - 0 runs, 1 hit, 0 errors, 1 left on base; Los Angeles (NYP) 0 - West Virginia 3
BOTTOM OF THE 7TH
West Virginia Black Bears batting - Pitching for Los Angeles (NYP) Dodgers : RHP Alexis Priego
Batting: RHB Perry Dominey 0-0: Called Strike
0-1: Ground out 6-3 (Groundball, 6, EV 105.0 MPH)
Batting: LHB Gregg Kellerman 0-0: Ball
1-0: Ball
2-0: Hit by Pitch
Batting: RHB Brandon White 0-0: SINGLE (Groundball, 6D, EV 98.1 MPH)
Gregg Kellerman to second
Batting: LHB Josh Aerni 0-0: Swinging Strike
0-1: Swinging Strike
0-2: Grounds into double play, 6-4-3 (Groundball, 6, EV 103.8 MPH)
Bottom of the 7th over - 0 runs, 1 hit, 0 errors, 1 left on base; Los Angeles (NYP) 0 - West Virginia 3
TOP OF THE 8TH
Los Angeles (NYP) Dodgers batting - Pitching for West Virginia Black Bears : RHP Frank Morris
Batting: RHB Brad Brady 0-0: Ball
1-0: Ball
2-0: Called Strike
2-1: Ball
3-1: Called Strike
3-2: Foul Ball, location: 2F
3-2: Foul Ball, location: 2F
3-2: Fly out, F8 (Flyball, 8LS, EV 90.0 MPH)
Batting: LHB Jose Mojica 0-0: Ball
1-0: Ball
2-0: Ball
3-0: Base on Balls
Pitching: LHP Norm Silveira-Wray
Batting: RHB Roberto Monzon 0-0: SINGLE (Groundball, 13, EV 91.2 MPH) (infield hit)
Jose Mojica to second
Batting: SHB Nestor Ramirez 0-0: Foul Ball, location: 2F
0-1: Swinging Strike
0-2: Ball
1-2: Ball
2-2: Foul Ball, location: 2F
2-2: Foul Ball, location: 2F
2-2: Fly out, F8 (Flyball, 89D, EV 110.0 MPH)
Batting: RHB Ruben Serrata 0-0: Called Strike
0-1: Ball
1-1: Ball
2-1: Foul Ball, location: 2F
2-2: Reached on error, E5 (Groundball, 56S, EV 86.9 MPH)
Jose Mojica to third
Roberto Monzon to second
Batting: RHB Roberto Lemus 0-0: Called Strike
0-1: Fielders Choice at 2nd, 6-4 (Groundball, 6, EV 82.5 MPH)
Top of the 8th over - 0 runs, 1 hit, 1 error, 3 left on base; Los Angeles (NYP) 0 - West Virginia 3
BOTTOM OF THE 8TH
West Virginia Black Bears batting - Pitching for Los Angeles (NYP) Dodgers : RHP Alexis Priego
Batting: LHB Joe Wise 0-0: Ball
1-0: Ball
2-0: Called Strike
2-1: Foul Ball, location: 2F
2-2: Strikes out looking
Pitching: RHP Cameron Williams
Batting: RHB Dave Fredericks 0-0: Ball
1-0: SINGLE (Groundball, 4M, EV 104.4 MPH) (infield hit)
Batting: RHB Rick Pittman 0-0: Called Strike
0-1: Hit by Pitch
Dave Fredericks to second
Batting: RHB Alex Arzate 0-0: Fly out, F8 (Flyball, 8RD, EV 92.5 MPH)
Batting: RHB Chris Arroyo 0-0: Ball
Wild Pitch!
Dave Fredericks to third
Rick Pittman to second
1-0: Called Strike
1-1: Ground out 6-3 (Groundball, 56, EV 101.2 MPH)
Bottom of the 8th over - 0 runs, 1 hit, 0 errors, 2 left on base; Los Angeles (NYP) 0 - West Virginia 3
TOP OF THE 9TH
Los Angeles (NYP) Dodgers batting - Pitching for West Virginia Black Bears : LHP Norm Silveira-Wray
Pitching: RHP Joe Simanton
Batting: RHB Justin Anastasio 0-0: Called Strike
0-1: Ball
1-1: Swinging Strike
1-2: Strikes out swinging
Batting: RHB Dave Cordero 0-0: Called Strike
0-1: Ball
1-1: Foul Ball, location: 2F
1-2: Strikes out swinging
Batting: RHB Trevor Conklin 0-0: SINGLE (Groundball, 56D, EV 105.0 MPH)
Batting: RHB Brad Brady 0-0: Ball
1-0: SINGLE (Groundball, 56D, EV 95.6 MPH)
Trevor Conklin to second
Batting: LHB Jose Mojica 0-0: Ball
1-0: Swinging Strike
1-1: Ground out 4-3 (Groundball, 4, EV 90.6 MPH)
Top of the 9th over - 0 runs, 2 hits, 0 errors, 2 left on base; Los Angeles (NYP) 0 - West Virginia 3
Tuesday, September 13th , 2022 - OOTP Baseball 23.7 Build 88